Map: Moondance

Players

gumiho - Winner!

  • Race: Terran Terran
  • Spawn Location: 6:00

Geralt (Gerald)

  • Race: Protoss Protoss
  • League: Master
  • Spawn Location: 12:00

Event: HomeStory Cup XXII

VOD

Have the link to the VOD?

Description

Time

  • Played on: Dec. 15, 2022, 10:24 a.m.
  • Length: 6:45

All games in this series

Show
View Real Time Build Order
Export as new Build Order

gumiho Terran - Winner!

Build Orders: Cyclone Opening 

Get SALT Encoding   

  12  0:00  SCV  
  13  0:12  SCV  
  14  0:17  Supply Depot  
  14  0:24  SCV  
  15  0:38  SCV  
  15  0:39  Barracks  
  16  0:45  Refinery  
  16  0:51  SCV  
  16  0:54  Refinery  
  17  1:03  SCV  
  18  1:15  SCV  
  19  1:26  Reaper  
  19  1:27  Orbital Command  
  20  1:45  Factory  
  20  1:53  Supply Depot, SCV  
  21  1:58  Reaper  
  21  2:00  Bunker  
  22  2:05  SCV  
  23  2:18  SCV  
  24  2:30  SCV  
  24  2:35  Supply Depot  
  25  2:37  Factory Tech Lab  
  25  2:42  SCV  
  26  2:44  Command Center  
  26  2:51  Marine  
  27  2:54  SCV  
  27  2:56  Cyclone  
  31  3:06  SCV  
  32  3:18  SCV  
  33  3:23  Barracks  
  33  3:27  Barracks  
  33  3:30  SCV  
  33  3:31  Cyclone  
  37  3:40  Starport  
  37  3:43  SCV  
  38  3:55  SCV  
  39  4:08  SCV  
  39  4:09  Barracks Reactor  
  40  4:12  Siege Tank  
  40  4:13  Barracks Tech Lab  
  40  4:16  Barracks Reactor  
  43  4:19  Orbital Command  
  43  4:20  SCV  
  44  4:31  Marine  
  44  4:32  SCV  
  44  4:37  Engineering Bay, Medivac  
  48  4:44  SCV  
  50  4:45  SCV  
  50  4:53  Supply Depot x2  
  50  4:56  SCV  
  50  4:58  SCV  
  50  4:59  Refinery  
  52  5:04  Refinery  
  52  5:08  SCV  
  50  5:17  Marine x3  
  50  5:18  Marine x2  
  50  5:19  Starport Reactor  
  50  5:20  Missile Turret  
  55  5:22  SCV x2  
  55  5:26  Supply Depot  
  55  5:27  Supply Depot  
  54  5:34  SCV x2, Marine  
  54  5:35  Marine x3  
  59  5:36  Marine  
  59  5:40  Siege Tank  
  64  5:45  Supply Depot  
  64  5:46  SCV  
  64  5:49  Supply Depot  
  65  5:53  Marine x3  
  65  5:54  Marine  
  65  5:55  Marine  
  70  5:57  SCV  
  70  5:59  SCV  
  70  6:01  Medivac  
  74  6:06  Medivac  
  76  6:11  Marine x4  
  83  6:19  Marine  
  83  6:21  SCV x2  
Show
View Real Time Build Order
Export as new Build Order

Geralt Protoss 

Build Orders:  

Get SALT Encoding   

  12  0:00  Probe  
  13  0:12  Probe  
  14  0:17  Pylon  
  14  0:24  Probe (Chrono Boost)  
  15  0:36  Probe (Chrono Boost)  
  15  0:37  Gateway  
  16  0:43  Probe (Chrono Boost)  
  16  0:46  Assimilator  
  17  0:52  Probe  
  18  1:04  Probe  
  19  1:16  Gateway  
  19  1:17  Probe  
  20  1:26  Cybernetics Core  
  20  1:29  Probe  
  21  1:36  Pylon  
  21  1:49  Pylon  
  21  1:57  Nexus  
  21  2:00  Adept (Chrono Boost)  
  24  2:09  Probe  
  24  2:11  Adept (Chrono Boost)  
  25  2:21  Probe  
  24  2:36  Stalker (Chrono Boost)  
  26  2:39  Stalker (Chrono Boost)  
  26  2:43  Probe  
  29  2:47  Assimilator  
  29  2:48  Warp Gate (Chrono Boost)  
  27  3:00  Probe  
  26  3:13  Probe x2  
  28  3:25  Probe  
  28  3:26  Probe  
  30  3:31  Stalker (Chrono Boost)  
  30  3:37  Probe  
  30  3:38  Probe  
  32  3:42  Stalker (Chrono Boost)  
  34  3:49  Probe  
  34  3:50  Probe  
  34  3:58  Stalker (Chrono Boost)  
  38  4:12  Stalker  
  38  4:19  Gateway  
  38  4:26  Robotics Facility  
  38  4:28  Pylon  
  36  4:45  Pylon  
  36  4:51  Pylon  
  36  5:05  Stalker  
  34  5:15  Stalker x2  
  34  5:16  Warp Prism (Chrono Boost)  
  38  5:33  Stalker  
  40  5:39  Stalker x2  
  44  5:45  Pylon  
  44  6:06  Adept x3  
  46  6:31  Stalker x2  
  46  6:36  Adept  
Tags
 
League
Master
Matchup
PvT
Replay Pack
hsc22
Spawn Locations
Cross Positions
Add a new tag
Caveats
  • Supply blocks, unpowered buildings, or Contaminate may cause inaccurate times.
  • Supply counts are checked every 10 seconds.